 Dungeon Crawl Stone Soup version 0.14-a0-30-gf0b6e91 (webtiles) character file.

114 4tharraofdagon the Charmwright (level 3, -12/28 HPs)
             Began as a Draconian Skald on Sept 27, 2013.
             Mangled by an ogre
             ... wielding a +0,+0 giant spiked club
              (16 damage)
             ... on Level 4 of the Dungeon.
             The game lasted 00:02:27 (783 turns).

4tharraofdagon the Charmwright (Draconian Skald)     Turns: 783, Time: 00:02:27

HP -12/28        AC  6     Str 15      XL: 3   Next: 42%
MP   2/6         EV 11     Int 12      God:
Gold 69          SH  0     Dex 10      Spells:  3 memorised,  0 levels left

Res.Fire  : . . .   See Invis. : .   a - +0 mace
Res.Cold  : . . .   Warding    : .   (armour unavailable)
Life Prot.: . . .   Conserve   : .   (no shield)
Res.Poison: .       Res.Corr.  : .   (helmet restricted)
Res.Elec. : .       Clarity    : .   (no cloak)
Sust.Abil.: . .     Spirit.Shd : .   (no gloves)
Res.Mut.  : .       Stasis     : .   g - +0 pair of orc boots
Res.Rott. : .       Flight     : .   (no amulet)
Saprovore : . . .                    (no ring)
                                     (no ring)

@: not resistant to hostile enchantments, unstealthy
A: unfitting armour, AC +5
a: no special abilities


You were on level 4 of the Dungeon.
You were not hungry.

You visited 1 branch of the dungeon, and saw 4 of its levels.

You collected 49 gold pieces.

Inventory:

Hand weapons
 a - a +0,+0 mace (weapon)
Armour
 g - a +0 pair of orcish boots (worn)
Comestibles
 b - a meat ration
 d - 2 bread rations
Scrolls
 e - 2 scrolls of identify {unknown}
 k - a scroll of enchant weapon II {unknown}
Potions
 f - 2 potions of poison {unknown}
 h - a potion of curing {unknown}
 i - a potion of flight {unknown}
 j - 3 potions of might {unknown}
Books
 c - a book of Battle

   Spells                             Type                      Level
   *Infusion                          Charms                       1
   *Shroud of Golubria                Charms/Translocation         2
   Song of Slaying                    Charms                       2
   Spectral Weapon                    Hexes/Charms                 3
   *Regeneration                      Charms/Necromancy            3
   Song of Shielding                  Charms                       4


   Skills:
 + Level 2.5 Fighting
 - Level 2.6 Maces & Flails
 - Level 1.3 Dodging
 * Level 2.0 Unarmed Combat
 - Level 2.0 Spellcasting
 + Level 2.6 Charms
 + Level 0.6 Necromancy


You couldn't memorise any spells.
You knew the following spells:

 Your Spells              Type           Power        Failure   Level  Hunger
a - Infusion              Chrm           #.....       12%         1    ##.....
b - Regeneration          Chrm/Necr      #.........   43%         3    ####...
c - Shroud of Golubria    Chrm/Tloc      #.........   28%         2    ###....


Dungeon Overview and Level Annotations

Branches:
Dungeon (4/27)
 Temple: D:4-7

Altars:


Message History

Casting: Infusion
Confirm with . or Enter, or press ? or * to list all spells.
Your attacks are magically infused.
You barely miss the ogre. The ogre closely misses you.
You hit the ogre.
The ogre is moderately wounded.
The ogre misses you.
You hit the ogre!
The ogre is heavily wounded.
The ogre hits you with a giant spiked club!
Ouch! That really hurt!
* * * LOW HITPOINT WARNING * * *
You are too injured to fight recklessly!
You are too injured to fight recklessly!
You are too injured to fight recklessly!
You thump the ogre!
The ogre is almost dead.
The ogre hits you with a giant spiked club!
Ouch! That really hurt!
You die...

### ########<##
######.........###
#......######.....
#.###### ######
#.# #.# #.# #@#
#O# ... .....
..##..# ... ..#
#..# ..# .. ..# .


You could see an ogre.

Vanquished Creatures
  2 adders (D:2)
  An inept feature mimic (D:2)
  An ooze (D:2)
  A ball python (D:1)
  A hobgoblin (D:2)
  3 kobolds
  3 bats (D:2)
  2 giant newts (D:2)
  4 goblins
  A rat (D:2)
19 creatures vanquished.

Vanquished Creatures (others)
  A giant newt (D:4)
  A rat (D:4)
2 creatures vanquished.

Grand Total: 21 creatures vanquished

Notes
Turn   | Place    | Note
--------------------------------------------------------------
     0 | D:1      | 4tharraofdagon, the Draconian Skald, began the quest for the Orb.
     0 | D:1      | Reached XP level 1. HP: 16/16 MP: 3/3
    57 | D:2      | Reached skill level 1 in Unarmed Combat
    57 | D:2      | Reached XP level 2. HP: 15/23 MP: 1/5
   402 | D:2      | Reached XP level 3. HP: 12/28 MP: 6/6
   422 | D:2      | Learned a level 3 spell: Regeneration
   425 | D:2      | Learned a level 2 spell: Shroud of Golubria
   673 | D:3      | Noticed a phantom
   777 | D:4      | Noticed an ogre
   783 | D:4      | Mangled by an ogre

Action                   || total
-------------------------++-------
Melee: Mace              ||    78
 Cast: Infusion          ||     4
